 Dungeon Crawl Stone Soup version 0.28-a0-998-gb9e9c7b67e (webtiles) character file.

Game seed: 14531340973820085606

256 Theruse2 the Grasshopper (level 6, -5/50 HPs)
             Began as a Gnoll Warper on Dec 6, 2021.
             Was a Believer of Vehumet.
             Killed by divine providence
             ... invoked by an orc priest
              (12 damage)
             ... on level 4 of the Dungeon.
             The game lasted 00:14:36 (1830 turns).

Theruse2 the Grasshopper (Gnoll Warper)             Turns: 1830, Time: 00:14:37

Health: -5/50      AC:  4    Str: 10    XL:     6   Next: 16%
Magic:  4/13       EV: 12    Int: 15    God:    Vehumet [**....]
Gold:   191        SH:  0    Dex: 11    Spells: 10/15 levels left

rFire   . . .      SeeInvis .   a - +0 spear
rCold   . . .      Faith    .   (no shield)
rNeg    . . .      Spirit   .   b - +1 leather armour
rPois   .          Reflect  .   (no helmet)
rElec   .          Harm     .   (no cloak)
rCorr   .          Rampage  .   (no gloves)
Will    .....                   (no boots)
Stlth   +.........              (no amulet)
HPRegen 0.16/turn               (no ring)
MPRegen 0.13/turn               (no ring)

@: no status effects
A: fangs 1, strong nose, distributed training
a: Renounce Religion


You were on level 4 of the Dungeon.
You worshipped Vehumet.
Vehumet was pleased with you.
You visited 2 branches of the dungeon, and saw 5 of its levels.

You collected 191 gold pieces.

Inventory:

Hand Weapons
 a - a +0 spear (weapon)
Missiles
 d - 5 boomerangs of dispersal (quivered)
Armour
 b - a +1 leather armour (worn)
Scrolls
 c - a scroll of blinking
 f - 2 scrolls of teleportation
 g - 2 scrolls of holy word
 h - a scroll of torment {unknown}


   Skills:
 + Level 4.9 Fighting
 + Level 1.8 Short Blades
 + Level 1.8 Long Blades
 + Level 1.8 Axes
 + Level 1.8 Maces & Flails
 + Level 4.9 Polearms
 + Level 1.8 Staves
 + Level 1.8 Slings
 + Level 1.8 Bows
 + Level 1.8 Crossbows
 + Level 3.1 Throwing
 + Level 3.1 Armour
 + Level 4.9 Dodging
 + Level 1.8 Stealth
 + Level 1.8 Shields
 + Level 1.8 Unarmed Combat
 + Level 5.3 Spellcasting
 + Level 1.4 Conjurations
 + Level 1.4 Hexes
 + Level 1.4 Summonings
 + Level 1.4 Necromancy
 + Level 5.6 Translocations
 + Level 1.4 Transmutations
 + Level 1.4 Fire Magic
 + Level 1.4 Ice Magic
 + Level 1.4 Air Magic
 + Level 1.4 Earth Magic
 + Level 1.4 Poison Magic
 + Level 2.0 Invocations
 + Level 1.8 Evocations


You had 10 spell levels left.
You knew the following spells:

 Your Spells              Type           Power      Damage    Failure   Level
a - Freeze                Ice            32%        1d5       12%         1
b - Blink                 Tloc           40%        N/A       3%          2
c - Static Discharge      Conj/Air       8%         N/A       17%         2

Your spell library contained the following spells:

 Spells                   Type           Power      Damage    Failure   Level
 Gell's Gravitas          Tloc           20%        N/A       6%          3
 Lesser Beckoning         Tloc           20%        N/A       6%          3
 Teleport Other           Tloc           20%        N/A       6%          3
 Manifold Assault         Tloc           20%        N/A       50%         5
 Dispersal                Tloc           10%        N/A       97%         6


Dungeon Overview and Level Annotations

Branches:
Dungeon (4/15)             Temple (1/1) D:4

Altars:
Ashenzari
Dithmenos
Gozag
Hepliaklqana
Kikubaaqudgha
Makhleb
Nemelex Xobeh
Qazlal
Sif Muna
Trog
Uskayaw
Vehumet
Xom
Yredelemnul
The Shining One


Innate Abilities, Weirdness & Mutations

You have very sharp teeth.
Your uncanny sense of smell can sniff out nearby items.
Your experience applies equally to all skills.


Message History

The orc priest is lightly wounded.
The orc misses you. The orc priest hits you with a +0 club.
* * * LOW HITPOINT WARNING * * *
You hit the orc priest but do no damage.
The orc priest is lightly wounded.
Things that are here:
a +0 flail; an orc corpse You hit the orc priest but do no damage.
The orc priest is lightly wounded.
You hit the orc priest but do no damage.
The orc priest is lightly wounded.
The orc priest hits you with a +0 club.
* * * LOW HITPOINT WARNING * * *
Your extra speed is starting to run out.
A centaur skeleton comes into view.
The centaur skeleton hits you but does no damage.
The centaur skeleton kicks you.
* * * LOW HITPOINT WARNING * * *
You hit the centaur skeleton.
The centaur skeleton is lightly damaged.
You aren't wearing any rings or amulets.
As you read the scroll of holy word, it crumbles to dust.
You speak a Word of immense power!
The centaur skeleton convulses!
You destroy the centaur skeleton!
Vehumet accepts your kill.
You feel yourself slow down.
Casting: Static Discharge (safe; 17% risk of failure)
Confirm with . or Enter, or press ? or * to list all spells.
The orc is struck by an arc of lightning.
The orc is almost dead.
The lightning grounds out.
The orc hits you with a +0 dagger.
* * * LOW HITPOINT WARNING * * *
Unknown command.
You hit the orc.
You kill the orc!
Vehumet accepts your kill.
You see here a +0 short sword.
The orc priest invokes the aid of Beogh against you.
Beogh smites you!
You die...

.#...######....# #.......#
##...#......######.......####
##...#.###......##.o#o.......
...#.#.# #...##.###.#.####
..<....###...##.# #.#)#
##.#.........##)###.#.#######
..............o.......[......
.....#.###...####....########
..#....# #...o.)@......... ∆
#.#....# #.[#####....#####
#.#....# #..# #....#
#.#..#.###..# #....# #.#
.....#..# #....#
#.####...#..# ######
#.#......#..# ).#.........#
###..###.##.#


You could see an orc priest.

Vanquished Creatures
  A phantom (D:4)
  A hound (D:4)
  A centaur skeleton (D:4)
  2 hound skeletons (D:4)
  3 adders
  A worm (D:4)
  2 dart slugs
  4 orcs (D:4)
  4 endoplasms
  A giant cockroach (D:2)
  6 goblins
  3 hobgoblins
  4 jackals (D:1)
  4 kobolds
  5 quokkas
  9 ball pythons
  A frilled lizard (D:1)
  7 rats
59 creatures vanquished.

Notes
Turn   | Place    | Note
-------+----------+-------------------------------------------
     0 | D:1      | Theruse2 the Gnoll Warper began the quest for the Orb.
     0 | D:1      | Reached XP level 1. HP: 20/20 MP: 6/6
    97 | D:1      | Reached XP level 2. HP: 17/26 MP: 7/7
   291 | D:1      | Found a faded altar of an unknown god.
   324 | D:1      | Prayed at the altar of an unknown god.
   324 | D:1      | Became a worshipper of Vehumet
   324 | D:1      | Reached * piety under Vehumet
   324 | D:1      | Offered knowledge of Freeze by Vehumet.
   328 | D:1      | Learned a level 1 spell: Freeze
   331 | D:1      | Learned a level 2 spell: Blink
   355 | D:1      | Reached XP level 3. HP: 14/31 MP: 0/9
   367 | D:1      | Reached skill level 5 in Spellcasting
   708 | D:2      | Reached skill level 1 in Invocations
   720 | D:2      | Reached skill level 1 in Short Blades
   720 | D:2      | Reached skill level 1 in Long Blades
   720 | D:2      | Reached skill level 1 in Axes
   720 | D:2      | Reached skill level 1 in Maces & Flails
   720 | D:2      | Reached skill level 1 in Staves
   720 | D:2      | Reached skill level 1 in Slings
   720 | D:2      | Reached skill level 1 in Bows
   720 | D:2      | Reached skill level 1 in Crossbows
   720 | D:2      | Reached skill level 1 in Stealth
   720 | D:2      | Reached skill level 1 in Shields
   720 | D:2      | Reached skill level 1 in Unarmed Combat
   720 | D:2      | Reached skill level 1 in Evocations
   788 | D:2      | Found an ancient bone altar of Kikubaaqudgha.
   832 | D:2      | Reached XP level 4. HP: 32/38 MP: 7/11
   963 | D:3      | Reached ** piety under Vehumet
   963 | D:3      | Offered knowledge of Static Discharge by Vehumet.
  1044 | D:3      | Found a shadowy altar of Dithmenos.
  1299 | D:3      | Learned a level 2 spell: Static Discharge
  1376 | D:4      | Reached skill level 1 in Conjurations
  1376 | D:4      | Reached skill level 1 in Hexes
  1376 | D:4      | Reached skill level 1 in Summonings
  1376 | D:4      | Reached skill level 1 in Necromancy
  1376 | D:4      | Reached skill level 1 in Transmutations
  1376 | D:4      | Reached skill level 1 in Fire Magic
  1376 | D:4      | Reached skill level 1 in Ice Magic
  1376 | D:4      | Reached skill level 1 in Air Magic
  1376 | D:4      | Reached skill level 1 in Earth Magic
  1376 | D:4      | Reached skill level 1 in Poison Magic
  1480 | D:4      | Reached XP level 5. HP: 29/43 MP: 1/12
  1488 | D:4      | Found a staircase to the Ecumenical Temple.
  1498 | Temple   | Entered the Ecumenical Temple
  1744 | D:4      | Noticed a phantom
  1772 | D:4      | Killed a phantom
  1773 | D:4      | Reached XP level 6. HP: 23/50 MP: 2/13
  1830 | D:4      | Killed from afar by an orc priest

Illustrated notes

Levels and vault maps discovered:
D:1:      amcnicky_arrival_single_pillar, layout_loops_ring,
          basic_ecumenical_altar
D:2:      wander_river, layout_rooms, basic_altar
D:3:      layout_basic, mainiacjoe_overflow_alcove_2
D:4:      minmay_spotlight, layout_basic, minmay_temple_entry_hall,
          dk_noncrumbling_4
Temple:   cyrus_circular_temple

Skill      XL: |  1  2  3  4  5  6 |
---------------+-------------------+-----
Spellcasting   | 5 |  5.3
Invocations    | 1 2 |  2.0
Short Blades   | 1 |  1.8
Long Blades    | 1 |  1.8
Axes           | 1 |  1.8
Maces & Flails | 1 |  1.8
Staves         | 1 |  1.8
Slings         | 1 |  1.8
Bows           | 1 |  1.8
Crossbows      | 1 |  1.8
Stealth        | 1 |  1.8
Shields        | 1 |  1.8
Unarmed Combat | 1 |  1.8
Evocations     | 1 |  1.8
Conjurations   | 1 |  1.4
Hexes          | 1 |  1.4
Summonings     | 1 |  1.4
Necromancy     | 1 |  1.4
Transmutations | 1 |  1.4
Fire Magic     | 1 |  1.4
Ice Magic      | 1 |  1.4
Air Magic      | 1 |  1.4
Earth Magic    | 1 |  1.4
Poison Magic   | 1 |  1.4
Throwing       | 3 |  3.1
Armour         | 3 |  3.1
Fighting       | |  4.9
Polearms       | |  4.9
Dodging        | |  4.9
Translocations | |  5.6

Action                   |  1- 3 |  4- 6 || total
-------------------------+-------+-------++-------
Melee: Spear             |   100 |    69 ||   169
       Bite              |     7 |     7 ||    14
 Cast: Freeze            |    14 |    22 ||    36
       Blink             |     1 |       ||     1
       Static Discharge  |       |    16 ||    16
  Use: Scroll            |     4 |     5 ||     9
       Potion            |       |     3 ||     3
 Stab: Sleeping          |     1 |       ||     1
Armor: Leather armour    |    16 |    13 ||    29
Dodge: Dodged            |    72 |    59 ||   131

Table legend: (Time is in decaauts)
 A = Elapsed time spent in this place.
 B = Non-inter-level travel time spent in this place.
 C = Inter-level travel time spent in this place.
 D = Time resting spent in this place.
 E = Time spent auto-exploring this place.
 F = Levels seen in this place.
 G = Mean time per level.
                   A        B        C        D        E       F      G
               +--------+--------+--------+--------+--------+-----+--------+
         Total |   1811 |   1811 |      0 |      0 |      0 |   5 |  362.2 |
       Dungeon |   1731 |   1731 |      0 |      0 |      0 |   4 |  432.8 |
        Temple |     79 |     79 |      0 |      0 |      0 |   1 |   79.0 |
               +--------+--------+--------+--------+--------+-----+--------+

Top non-repeatable levels by time:
     D:1: 532 daAuts
     D:2: 423 daAuts
     D:4: 412 daAuts
     D:3: 363 daAuts
  Temple: 79 daAuts
